 Seeded DCSS version 0.24.0-41-g2ae2f7f1be (console) character file.

Game seed: 93891015573, levelgen mode: deterministic

2206 Kagalorn the Carver (level 9, -1/65 HPs)
             Began as a Human Hunter on Dec 10, 2019.
             Was a Follower of Cheibriados.
             Slain by an orc warrior
             ... wielding a +0 hand axe
              (15 damage)
             ... on level 6 of the Dungeon.
             The game lasted 00:25:32 (9500 turns).

Kagalorn the Carver (Human Hunter)                  Turns: 9500, Time: 00:25:33

Health: -1/65      AC: 14    Str: 16    XL:     9   Next: 60%
Magic:  10/10      EV:  5    Int: 18    God:    Cheibriados [*.....]
Gold:   38         SH:  0    Dex: 16    Spells: 8/8 levels left

rFire    + . .     SeeInvis +   a - +0 long sword
rCold    + . .     Gourm    .   (no shield)
rNeg     . . .     Faith    .   K - +0 plate armour
rPois    .         Spirit   .   (no helmet)
rElec    .         Reflect  .   G - +2 cloak
rCorr    .         Harm     .   (no gloves)
MR       .....                  (no boots)
Stlth    ..........             (no amulet)
HPRegen  0.20/turn              C - ring of protection from cold
MPRegen  0.12/turn              q - ring of Wielij {rF+ SInv}

@: confused, drained, very slow
A: no striking features
a: Bend Time, Renounce Religion


You were on level 6 of the Dungeon.
You worshipped Cheibriados.
Cheibriados was aware of your devotion.
You were not hungry.

You visited 2 branches of the dungeon, and saw 8 of its levels.

You collected 276 gold pieces.
You spent 238 gold pieces at shops.

Inventory:

Hand Weapons
 a - a +0 long sword (weapon)
 b - a +0 hunting sling
 v - a +1 flail of crushing
Missiles
 c - 6 javelins
 h - 169 stones
 i - 76 sling bullets
 p - 24 poisoned darts
 A - 2 throwing nets (quivered)
Armour
 G - a +2 cloak (worn)
 K - a +0 plate armour (worn)
Jewellery
 q - the ring of Wielij (right hand) {rF+ SInv}
   (You found it on level 5 of the Dungeon)

   [ring of protection from fire]

   It protects you from fire.
   It lets you see invisible.
 z - an uncursed ring of ice
 C - a ring of protection from cold (left hand)
Wands
 t - a wand of paralysis (4)
 u - a wand of digging (4)
 D - a wand of acid (4)
Scrolls
 e - 2 scrolls of enchant armour {unknown}
 j - a scroll of random uselessness {unknown}
 k - 4 scrolls of remove curse {unknown}
 l - 2 scrolls of magic mapping {unknown}
 m - 2 scrolls of enchant weapon
 n - a scroll of fear
 r - 3 scrolls of amnesia
 s - a scroll of immolation
 y - 5 scrolls of teleportation
Potions
 d - 4 potions of curing
 g - 2 potions of haste
 o - 4 potions of flight
 B - a potion of magic
 E - a potion of mutation
 F - 3 potions of agility
 I - 3 potions of brilliance
 J - a potion of invisibility
Comestibles
 f - 4 rations


   Skills:
 * Level 3.7(3.0) Fighting
 - Level 8.0(7.1) Long Blades
 * Level 7.9(7.0) Throwing
 * Level 4.2(3.4) Armour
 - Level 2.0(1.3) Dodging
 - Level 1.0(0.3) Stealth
 * Level 2.2(1.5) Invocations


You had 8 spell levels left.
You didn't know any spells.
Your spell library contained the following spells:

 Spells                   Type           Power        Failure   Level  Hunger
 Summon Small Mammal      Summ           #...         100%        1    ##.....
 Call Imp                 Summ           #.......     100%        2    ###....
 Call Canine Familiar     Summ           #.......     100%        3    ####...
 Summon Guardian Golem    Hex/Summ       #.......     100%        3    ####...
 Summon Ice Beast         Ice/Summ       #.......     100%        4    #####..
 Summon Lightning Spire   Summ/Air       #.......     100%        4    #####..


Dungeon Overview and Level Annotations

Branches:
Dungeon (7/15)             Temple (1/1) D:5

Altars:
Ashenzari
Cheibriados
Dithmenos
Elyvilon
Fedhas
Gozag
Kikubaaqudgha
Makhleb
Okawaru
Qazlal
Ru
Trog
Uskayaw
Vehumet
Wu Jian
Xom
Lugonu

Shops:
D:6 !


Message History

The orc warrior is heavily wounded.
The helpless orc warrior fails to defend itself.
You hit the orc warrior.
The orc warrior is heavily wounded.
The orc warrior is no longer paralysed.
The orc warrior barely misses you.
You riposte.
You barely miss the orc warrior.
The orc warrior is heavily wounded.
Okay, then.
You hit the orc warrior but do no damage.
The orc warrior is heavily wounded.
The orc warrior hits you with a +0 hand axe!
You hit the orc warrior but do no damage.
The orc warrior is heavily wounded.
The orc warrior hits you with a +0 hand axe!
* * * LOW HITPOINT WARNING * * *
Okay, then.
You are confused.
You feel invigorated.
The orc warrior hits you with a +0 hand axe!
You die...

#.... #.### #.#
#.# #.# #.#
########### #.#
#o........# ##.###
#@#.##†##.###.....
#.#.##.##.##.....#
#.#.##.#...##....#
#...##.#.#........
#..###.#...###.#.#
#..# #.##### #.#..
#..###.# ##+###
#..(...# ##...##
##.##### ##.....#


You could see an orc warrior.

Vanquished Creatures
  Pikel (D:5)
  Joseph (D:7)
  A sky beast (D:6)
  An ogre (D:5)
  A centaur (D:6)
  A bullfrog (D:6)
  Blork the orc (D:5)
  3 scorpions
  A water moccasin skeleton (D:6)
  3 killer bees (D:7)
  3 crimson imps (D:5)
  A hound (D:4)
  2 orc priests
  3 orc wizards
  2 bullfrog skeletons
  A worker ant (D:7)
  A killer bee zombie (D:5)
  Robin (D:2)
  10 gnolls
  6 adders
  An ooze (D:2)
  6 worms
  4 dart slugs
  3 leopard geckos (D:6)
  24 orcs
  8 bats
  8 giant cockroaches
  11 goblins
  18 hobgoblins
  2 quokkas
  7 frilled lizards
  3 kobolds
  A leopard gecko skeleton (D:5)
  5 rats
  A withered plant (D:3)
146 creatures vanquished.

Vanquished Creatures (others)
  A giant cockroach (D:3)
1 creature vanquished.

Grand Total: 147 creatures vanquished

Notes
Turn   | Place    | Note
-------+----------+-------------------------------------------
     0 | D:1      | Kagalorn the Human Hunter began the quest for the Orb.
     0 | D:1      | Reached XP level 1. HP: 16/16 MP: 1/1
   162 | D:1      | Reached XP level 2. HP: 9/22 MP: 2/2
   731 | D:1      | Reached XP level 3. HP: 27/27 MP: 3/3
  1035 | D:2      | Reached skill level 5 in Throwing
  1476 | D:2      | Reached XP level 4. HP: 33/33 MP: 4/4
  1792 | D:2      | Noticed Robin
  1797 | D:2      | Killed Robin
  2081 | D:2      | Reached XP level 5. HP: 38/38 MP: 5/5
  2136 | D:2      | Found a faded altar of an unknown god.
  3190 | D:3      | Found a radiant altar of Vehumet.
  3338 | D:3      | Found a shadowy altar of Dithmenos.
  3510 | D:3      | Reached XP level 6. HP: 20/44 MP: 6/6
  3718 | D:3      | Found an ancient bone altar of Kikubaaqudgha.
  3884 | D:3      | Found a bloodstained altar of Trog.
  4253 | D:3      | Reached skill level 1 in Long Blades
  4569 | D:4      | Found a hide-covered altar of Uskayaw.
  4575 | D:4      | Noticed a -2 hand axe
  4576 | D:4      | Noticed a +0 dagger
  5126 | D:5      | Entered Level 5 of the Dungeon
  5134 | D:5      | Reached skill level 2 in Long Blades
  5353 | D:5      | Noticed a slave
  5354 | D:5      | Noticed Pikel
  5367 | D:5      | Noticed a slave
  5369 | D:5      | Noticed a slave
  5371 | D:5      | Noticed a slave
  5384 | D:5      | Killed Pikel
  5384 | D:5      | Reached skill level 5 in Long Blades
  5384 | D:5      | Reached XP level 7. HP: 7/50 MP: 7/7
  5384 | D:5      | Reached XP level 8. HP: 8/56 MP: 8/8
  5752 | D:5      | Found a burning altar of Makhleb.
  5788 | D:5      | Reached skill level 6 in Long Blades
  6068 | D:5      | Found a staircase to the Ecumenical Temple.
  6141 | Temple   | Entered the Ecumenical Temple
  6191 | Temple   | Became a worshipper of Cheibriados the Contemplative
  6215 | D:5      | Got a brightly glowing bone ring
  6216 | D:5      | Identified the ring of Wielij {rF+ SInv} (You found it on
                  | level 5 of the Dungeon)
  6223 | D:5      | Noticed Blork the orc
  6246 | D:5      | Killed Blork the orc
  6593 | D:5      | Found a shimmering altar of Xom.
  6644 | D:5      | Reached skill level 7 in Long Blades
  7016 | D:5      | Found a blossoming altar of Fedhas.
  7377 | D:6      | Reached XP level 9. HP: 61/61 MP: 9/9
  7411 | D:6      | Found Ucwymifa's Distillery.
  7425 | D:6      | Reached skill level 1 in Armour
  7584 | D:6      | Bought a potion of flight for 42 gold pieces
  7584 | D:6      | Bought a potion of agility for 56 gold pieces
  7584 | D:6      | Bought a potion of curing for 42 gold pieces
  7584 | D:6      | Bought a potion of lignification for 42 gold pieces
  7584 | D:6      | Bought a potion of brilliance for 56 gold pieces
  7615 | D:6      | Reached * piety under Cheibriados
  7615 | D:6      | Reached skill level 8 in Long Blades
  7615 | D:6      | Reached skill level 1 in Invocations
  7914 | D:6      | Found an ornate altar of the Wu Jian Council.
  8788 | D:7      | Noticed Joseph
  8796 | D:7      | Killed Joseph
  9476 | D:7      | Found a white marble altar of Elyvilon.
  9500 | D:6      | Slain by an orc warrior

Levels and vault maps discovered:
D:1:      minmay_arrival_four_houses, layout_loops_ring,
          hangedman_feature_mirror
D:2:      layout_loops_ring, chequers_ecumenical_altar_simple, uniq_robin
D:3:      layout_loops_corners, fiery_altar_vehumet, lemuel_round_altar,
          kiku_gazebo_garden_becter, lemuel_coloured_pillars_altar, first_ration
D:4:      layout_rooms, dancing_weapons_uskayaw, serial_forest,
          infiniplex_forest_zigzag_2, infiniplex_forest_clump_small,
          infiniplex_forest_clump_medium, infiniplex_forest_zigzag_1,
          infiniplex_forest_clump_double
D:5:      layout_basic, lemuel_crystal_altar, kennysheep_mini,
          minmay_temple_entry_mini_moons, basic_altar, uniq_blork_the_orc,
          uniq_pikel
D:6:      layout_loops_corners, lemuel_crystal_altar, serial_shops,
          shop_fountains, serial_rivers, chequers_serial_rivers_room_b,
          chequers_serial_rivers_micro_b, chequers_serial_rivers_micro_e,
          chequers_serial_rivers_micro_c
D:7:      layout_basic, lemuel_crystal_altar, elyvilon_altar_5, serial_shops,
          nicolae_shop_trees, uniq_joseph
Temple:   corrupted_temple

Skill      XL: |  1  2  3  4  5  6  7  8  9 |
---------------+----------------------------+-----
Throwing       | 5 6 7 |  7.9
Long Blades    | 5 7 8 |  8.0
Armour         | 4 |  4.2
Invocations    | 2 |  2.2
Fighting       | 3 |  3.7
Dodging        | |  2.0
Stealth        | |  1.0

Action                   |  1- 3 |  4- 6 |  7- 9 || total
-------------------------+-------+-------+-------++-------
Melee: Short sword       |   114 |    56 |       ||   170
       Halberd           |       |    71 |       ||    71
       Long sword        |       |   157 |   228 ||   385
 Fire: Hunting sling     |     7 |    88 |   142 ||   237
Throw: Dart              |     3 |    17 |    30 ||    50
Invok: Bend Time         |       |       |     1 ||     1
 Abil: Evoke Berserk Rag |       |     2 |       ||     2
Evoke: Wand              |       |     4 |     6 ||    10
  Use: Scroll            |       |       |    10 ||    10
       Potion            |       |       |     2 ||     2
 Stab: Sleeping          |     1 |     3 |       ||     4
       Paralysed         |       |     8 |    10 ||    18
  Eat: Chunk             |     1 |    13 |     6 ||    20
       Ration            |       |     1 |     1 ||     2
Armor: Leather armour    |    30 |    42 |       ||    72
       Scale mail        |       |    39 |    83 ||   122
       Skin              |       |       |    42 ||    42
       Plate armour      |       |       |    25 ||    25
Dodge: Dodged            |    65 |   166 |   112 ||   343
       Rpst.: Long sword |       |    21 |    31 ||    52
